 Dungeon Crawl Stone Soup version 0.28.0-53-g5a82cb258f (webtiles) character file.

Game seed: 12355065476831217770

244 bnorton916 the Magician (level 5, 0/28 HPs)
             Began as a Deep Elf Fire Elementalist on June 16, 2022.
             Slain by a wyvern skeleton (15 damage)
             ... on level 5 of the Dungeon.
             The game lasted 00:03:20 (4691 turns).

bnorton916 the Magician (DEFE)                      Turns: 4691, Time: 00:03:21

Health: 0/28       AC:  2    Str:  5    XL:     5   Next: 83%
Magic:  10/14      EV: 12    Int: 22    God:
Gold:   113        SH:  0    Dex: 15    Spells: 8/14 levels left

rFire   . . .      SeeInvis .   n - +1 falchion (elec)
rCold   . . .      Faith    .   (no shield)
rNeg    . . .      Spirit   .   a - +0 robe
rPois   .          Reflect  .   (no helmet)
rElec   .          Harm     .   (no cloak)
rCorr   .          Rampage  .   (no gloves)
Will    .....                   (no boots)
Stlth   ++........              (no amulet)
HPRegen 0.09/turn               (no ring)
MPRegen 0.14/turn               (no ring)

@: no status effects
A: no striking features
a: no special abilities


You were on level 5 of the Dungeon.
You visited 1 branch of the dungeon, and saw 5 of its levels.

You collected 113 gold pieces.

Inventory:

Hand Weapons
 n - a +1 falchion of electrocution (weapon)
Missiles
 b - 94 stones
 f - 13 poisoned darts
Armour
 a - a +0 robe (worn)
Jewellery
 c - a ring of poison resistance
Scrolls
 e - a scroll of amnesia {unknown}
 g - a scroll of brand weapon {unknown}
 h - a scroll of summoning {unknown}
 i - a scroll of torment {unknown}
 j - a scroll of enchant armour {unknown}
 m - a scroll of noise {unknown}
Potions
 d - a potion of curing {unknown}
 k - a potion of heal wounds {unknown}
 l - 2 potions of mutation {unknown}


   Skills:
 - Level 2.4 Dodging
 - Level 2.4 Stealth
 + Level 5.3 Spellcasting
 + Level 3.7 Conjurations
 + Level 4.9 Fire Magic


You had 8 spell levels left.
You knew the following spells:

 Your Spells              Type           Power      Damage    Failure   Level
a - Foxfire               Conj/Fire      100%       2x1d9     1%          1
b - Scorch                Fire           54%        2d8       1%          2
c - Conjure Flame         Conj/Fire      25%        6-21      4%          3

Your spell library contained the following spells:

 Spells                   Type           Power      Damage    Failure   Level
 Inner Flame              Hex/Fire       16%        N/A       11%         3
 Flame Wave               Conj/Fire      25%        2d7       16%         4


Dungeon Overview and Level Annotations

Branches:
Dungeon (5/15)
 Temple: D:4-7

Altars:
Cheibriados
Wu Jian

Shops:
D:3 =


Message History

The foxfire hits the orc!
You kill the orc!
Casting: Foxfire (safe; 1% risk of failure)
Confirm with . or Enter, or press ? or * to list all spells.
You conjure some foxfire!
Unknown command.
You start resting.
Your foxfire dissipates!
You start resting.
Your foxfire dissipates!
You start resting.
Magic restored.
Things that are here:
a +0 dagger; an orc corpse A wyvern skeleton comes into view.
Things that are here:
a +1 falchion of electrocution; a +0 scale mail
n - a +1 falchion of electrocution You hear the crackle of electricity.
n - a +1 falchion of electrocution (weapon)
The wyvern skeleton bites you.
You hit the wyvern skeleton.
The wyvern skeleton is lightly damaged.
The wyvern skeleton bites you! The wyvern skeleton barely misses you.
Casting: Foxfire (safe; 1% risk of failure)
Confirm with . or Enter, or press ? or * to list all spells.
Flames lash the wyvern skeleton.
The wyvern skeleton is moderately damaged.
The wyvern skeleton's fire resistance burns away.
You hear an angry hiss.
The wyvern skeleton closely misses you. The wyvern skeleton barely misses you.
The wyvern skeleton closely misses you.
Casting: Scorch (safe; 1% risk of failure)
Confirm with . or Enter, or press ? or * to list all spells.
Flames lash the wyvern skeleton.
The wyvern skeleton is burned terribly!
The wyvern skeleton is heavily damaged.
The wyvern skeleton misses you. The wyvern skeleton bites you!
Ouch! That really hurt!
You die...

.#.# #.#.#
..........
#.#.#.#.#
........####
#.#.#Z#.#...#
............#
#.#[#...#
#####Z#....#
..#...@.....##
.............#
#....##.)....#
.... #.<.....#
... #....####
.. #....# #
###..# ...#
#.#.


You could see a wyvern skeleton (combustible).

Vanquished Creatures
  A phantom (D:4)
  4 gnolls
  7 adders
  A worm (D:3)
  A dart slug (D:3)
  2 orcs (D:5)
  6 ball pythons
  2 bats
  7 endoplasms
  A giant cockroach (D:3)
  3 goblins
  8 hobgoblins
  5 quokkas
  13 kobolds
  5 rats
66 creatures vanquished.

Vanquished Creatures (collateral kills)
  20 foxfires
20 creatures vanquished.

Vanquished Creatures (others)
  278 foxfires
  2 plants (D:1)
280 creatures vanquished.

Grand Total: 366 creatures vanquished

Notes
Turn   | Place    | Note
-------+----------+-------------------------------------------
     0 | D:1      | bnorton916 the Deep Elf Fire Elementalist began the quest
                  | for the Orb.
     0 | D:1      | Reached XP level 1. HP: 10/10 MP: 6/6
   521 | D:1      | Reached XP level 2. HP: 15/15 MP: 3/8
   903 | D:1      | Reached XP level 3. HP: 19/19 MP: 7/10
   961 | D:1      | You fall into a shaft and drop 1 floor!
  1358 | D:2      | Reached skill level 4 in Spellcasting
  1885 | D:2      | Reached XP level 4. HP: 24/24 MP: 8/12
  2804 | D:2      | Learned a level 2 spell: Scorch
  2808 | D:2      | Learned a level 3 spell: Conjure Flame
  2900 | D:3      | Found a snail-covered altar of Cheibriados.
  3498 | D:3      | Found an ornate altar of the Wu Jian Council.
  3719 | D:3      | Reached XP level 5. HP: 28/28 MP: 9/14
  4180 | D:3      | Found Roruss's One-of-a-Kind Rings.
  4476 | D:4      | Noticed a phantom
  4483 | D:4      | Noticed an ogre
  4485 | D:4      | Killed a phantom
  4486 | D:4      | Reached skill level 5 in Spellcasting
  4494 | D:5      | Entered Level 5 of the Dungeon
  4691 | D:5      | Slain by a wyvern skeleton

Illustrated notes

Levels and vault maps discovered:
D:1:      denvon_arrival_planthouse, layout_rooms
D:2:      layout_loops_cross
D:3:      layout_basic, nzn_wu_jian_council_hall,
          mainiacjoe_overflow_surrounded_room, minmay_hedge_maze,
          nicolae_shop_unique_rings
D:4:      layout_basic
D:5:      layout_basic, gammafunk_ghost_cemetery, serial_bayou_pond_a,
          st_stairs_11, kennysheep_generic_room_2

Skill      XL: |  1  2  3  4  5 |
---------------+----------------+-----
Conjurations   | 2 3 |  3.7
Spellcasting   | 4 5 |  5.3
Fire Magic     | 4 |  4.9
Dodging        | |  2.4
Stealth        | |  2.4

Action                   |  1- 3 |  4- 6 || total
-------------------------+-------+-------++-------
Melee: Falchion          |       |     1 ||     1
 Cast: Foxfire           |   105 |    84 ||   189
       Scorch            |       |     8 ||     8
Armor: Robe              |     3 |       ||     3
Dodge: Dodged            |    16 |    18 ||    34
